 Dungeon Crawl Stone Soup version 0.27.1-3-gb3d3a73c9e (webtiles) character file.

Game seed: 13440450171619413385

122 MisterFreud the Skirmisher (level 4, 0/44 HPs)
             Began as a Minotaur Abyssal Knight on Oct 25, 2021.
             Was a Believer of Lugonu.
             Slain by a water moccasin (5 damage)
             ... on level 6 of the Dungeon.
             The game lasted 00:02:30 (2801 turns).

MisterFreud the Skirmisher (MiAK)                   Turns: 2801, Time: 00:02:31

Health: 0/44       AC: 10    Str: 18    XL:     4   Next: 78%
Magic:  4/4        EV:  7    Int:  9    God:    Lugonu [**....]
Gold:   127        SH:  0    Dex:  9    Spells: 3/3 levels left

rFire    . . .     SeeInvis .   a - +1 falchion
rCold    . . .     Faith    .   (no shield)
rNeg     . . .     Spirit   .   i - +0 chain mail
rPois    .         Reflect  .   (helmet restricted)
rElec    .         Harm     .   (no cloak)
rCorr    .         Rampage  .   l - +0 pair of gloves
Will     .....                  (no boots)
Stlth    ..........             (no amulet)
HPRegen  0.14/turn              (no ring)
MPRegen  0.09/turn              (no ring)

@: lethally poisoned (0 -> -10)
A: horns 2, retaliatory headbutt
a: Renounce Religion, Depart the Abyss, Bend Space


You were on level 6 of the Dungeon.
You worshipped Lugonu.
Lugonu was pleased with you.
You visited 1 branch of the dungeon, and saw 5 of its levels.
You visited the Abyss 1 time.

You collected 127 gold pieces.

Inventory:

Hand Weapons
 a - a +1 falchion (weapon)
Missiles
 o - 4 boomerangs
Armour
 b - a +0 leather armour
 h - a +0 ring mail
 i - a +0 chain mail (worn)
 l - a +0 pair of gloves (worn)
Scrolls
 d - a scroll of fog {unknown}
 e - 3 scrolls of teleportation {unknown}
 g - a scroll of immolation {unknown}
 j - a scroll of magic mapping {unknown}
 k - a scroll of blinking {unknown}
Potions
 c - 4 potions of curing {unknown}
 f - 2 potions of heal wounds {unknown}
 m - a potion of degeneration {unknown}
 n - a potion of haste {unknown}


   Skills:
 * Level 6.3 Fighting
 - Level 2.4 Long Blades
 + Level 3.3 Armour
 - Level 1.1 Dodging
 - Level 1.7 Invocations


You had 3 spell levels left.
You didn't know any spells.
Your spell library was empty.

Dungeon Overview and Level Annotations

Branches:
Dungeon (7/15)             Temple (0/1) D:6

Altars:

Annotations:
D:3 1 runed translucent door


Innate Abilities, Weirdness & Mutations

You have a pair of horns on your head.
You reflexively headbutt those who attack you in melee.


Message History

The water moccasin barely misses you. x2
You closely miss the water moccasin.
Your headbutt misses the water moccasin.
The water moccasin is heavily wounded.
The water moccasin bites you.
You are poisoned.
The water moccasin poisons you! The water moccasin closely misses you.
You furiously retaliate!
You headbutt the water moccasin, but do no damage.
You hit the water moccasin.
Your headbutt misses the water moccasin.
The water moccasin is heavily wounded.
You feel very sick.
The water moccasin bites you but does no damage.
You hit the water moccasin.
Your headbutt misses the water moccasin.
The water moccasin is severely wounded.
You feel very sick.
The water moccasin bites you but does no damage.
The water moccasin bites you!
You are more poisoned.
The water moccasin poisons you!
Unknown command.
You closely miss the water moccasin.
The water moccasin is severely wounded.
You feel very sick. The water moccasin bites you. x2
You hit the water moccasin but do no damage.
Your headbutt misses the water moccasin.
The water moccasin is severely wounded.
* * * LOW HITPOINT WARNING * * *
You feel very sick. The water moccasin closely misses you.
You slash the water moccasin!
The water moccasin is almost dead.
* * * LOW HITPOINT WARNING * * *
You feel very sick.
The water moccasin bites you but does no damage.
The water moccasin bites you.
You die...

######.....#
##.##.$### #.#
#... #.###.###.
#.........
#..8.8.8..
#...⌠.⌠..#
#######..8.>.8.#
#...S@....⌠.⌠..#
#.#####..8.8.8.#
#.# #........#
#.# #....#####
........# ######
##...##.# ....
..# ... ..# ..
...#


You could see a water moccasin.

Vanquished Creatures
  An orc priest (D:3)
  3 adders (D:3)
  3 worms
  A dart slug (D:1)
  2 ball pythons
  6 bats
  4 endoplasms
  4 giant cockroaches
  2 goblins
  5 hobgoblins
  6 jackals
  7 kobolds
  A quokka (D:1)
  3 frilled lizards
  7 rats
55 creatures vanquished.

Vanquished Creatures (others)
  2 demonic plants (D:1)
2 creatures vanquished.

Grand Total: 57 creatures vanquished

Notes
Turn   | Place    | Note
-------+----------+-------------------------------------------
     0 | Abyss:1  | MisterFreud the Minotaur Abyssal Knight began the quest for
                  | the Orb.
     0 | Abyss:1  | Reached XP level 1. HP: 19/19 MP: 1/1
    22 | D:1      | Escaped the Abyss
    71 | D:1      | Reached skill level 4 in Fighting
   211 | D:1      | Reached XP level 2. HP: 28/28 MP: 2/2
   381 | D:1      | Found a faded altar of an unknown god.
   897 | D:1      | Reached ** piety under Lugonu
   898 | D:1      | Reached skill level 5 in Fighting
  1246 | D:2      | Reached XP level 3. HP: 34/36 MP: 3/3
  2239 | D:3      | Reached XP level 4. HP: 34/44 MP: 4/4
  2384 | D:3      | Found a runed translucent door.
  2564 | D:3      | Reached skill level 6 in Fighting
  2730 | D:3      | You fall into a shaft and drop 3 floors!
  2771 | D:6      | Found a staircase to the Ecumenical Temple.
  2785 | D:6      | Noticed a water moccasin
  2801 | D:6      | Slain by a water moccasin

Illustrated notes

Levels and vault maps discovered:
D:1:      dpeg_arrival_shrine, layout_basic, shapermc_ecumenical_altar_gd,
          nrook_mini_backslash
D:2:      layout_loops_cross, kennysheep_nondescript
D:3:      layout_basic, ebering_ghost_sewer_f, uniq_grinder
D:6:      black_bear_nest_1, layout_loops_ring, trog_hazing_becter,
          minmay_temple_entry_statues_fountains, kennysheep_generic_room_4
D:7:      layout_layer_cave, minmay_holes

Skill      XL: |  1  2  3  4 |
---------------+-------------+-----
Fighting       | 4 5 6 |  6.3
Armour         | 3 |  3.3
Long Blades    | |  2.4
Dodging        | |  1.1
Invocations    | |  1.7

Action                   |  1- 3 |  4- 6 || total
-------------------------+-------+-------++-------
Melee: Falchion          |   113 |    29 ||   142
       Headbutt          |    22 |     4 ||    26
Armor: Leather armour    |    12 |       ||    12
       Chain mail        |    38 |    17 ||    55
       Ring mail         |     1 |       ||     1
Dodge: Dodged            |    65 |    10 ||    75
       Rpst.: Falchion   |    22 |     4 ||    26
